[Event "Late-Titled-Tuesday-Blitz-September-26-2023"]
[Site "Chess.com"]
[Date "2023.09.26"]
[Round "1"]
[White "YellowJacek"]
[Black "wadsy27"]
[Result "0-1"]
[WhiteElo "2330"]
[BlackElo "2639"]
[TimeControl "180+1"]
[EndTime "14:07:36 PDT"]
[Termination "wadsy27 won by resignation"]

1. e4 c5 2. Nf3 e6 3. d4 cxd4 4. Nxd4 Nc6 5. Nc3 Qc7 6. Be3 a6 7. Qf3 Ne5 8. Qg3 h5 9. h3 h4 10. Qh2 Bd6 11. f4 Nc4 12. Bxc4 Qxc4 13. O-O-O Bb4 14.
Nde2 Nf6 15. Rd4 Qc5 16. Rd3 Qc7 17. e5 Nh5 18. Ne4 b5 19. Rhd1 Bb7 20. Nd6+ Bxd6 21. Rxd6 Rc8 22. R1d2 b4 23. Bb6 Qc4 24. Rxd7 Qxa2 25.
Kd1 Bd5 26. R7xd5 exd5 27. f5 Qb1+ 28. Nc1 Ng3 29. e6 fxe6 30. fxe6 b3 31. c3 Rxc3 32. bxc3 b2 33. Rxb2 Qxb2 34. Qg1 O-O 35. Bf2 Qxc1+ 36. Kxc1 Ne2+ 37. Kd2 Nxg1 38. Bxg1 Re8 39. Bf2 Rxe6 40.
Bxh4 a5 41. Bf2 a4 42. Kc1 Re2 43. Bd4 a3 44. Kb1 Rxg2 45. Bc5 a2+ 46. Ka1 Kf7 47. Bd4 g6 48. h4 Ke6 49. Be3 Kf5 50. Bg5 Ke4 51. Bf6 Kd3 52. Bg7 Kc4 53. Bf6 Kb3 54.
Bd4 Rd2 0-1

[Event "Late-Titled-Tuesday-Blitz-September-26-2023"]
[Site "Chess.com"]
[Date "2023.09.26"]
[Round "1"]
[White "as9killer2"]
[Black "CURRUTACO59"]
[Result "1-0"]
[WhiteElo "2586"]
[BlackElo "2249"]
[TimeControl "180+1"]
[EndTime "14:07:36 PDT"]
[Termination "as9killer2 won on time"]

1. c4 Nf6 2. Nc3 e6 3. e4 d5 4. cxd5 exd5 5. e5 Nfd7 6. d4 Nb6 7. f4 g6 8. Nf3 Bg7 9. Bd3 Nc6 10. O-O Ne7 11. h3 Bf5 12. Bxf5 Nxf5 13. g4 Ne7 14. f5 gxf5 15. gxf5 Nxf5 16. Ng5 Qd7 17. e6 fxe6 18.
Qh5+ Ke7 19. Qf7+ Kd6 20. Bf4+ Kc6 21. Rac1 Bxd4+ 22. Kh2 Qxf7 23. Nxf7 Rhf8 24. Ne5+ Bxe5 25. Ne4+ Kd7 26. Nc5+ Ke7 27. Bxe5 Ne3 28. Rxf8 Rxf8 29. Bxc7 Nbc4 30. Nd3 Nxb2 31. Nxb2 Rf2+ 32. Kg3 Rxb2 33.
Be5 Nf5+ 34. Kf3 Rxa2 35. Rc7+ Kd8 36. Rxb7 Ra3+ 37. Kg4 Ra4+ 38. Kg5 h6+ 39. Kf6 Ra6 40. Rh7 Rc6 41. Rxa7 Kc8 42. Ra8+ Kb7 43. Rb8+ Ka6 44. Ra8+ Kb5 45. Rb8+ Kc4 46. h4 d4 47. h5 d3 48.
Rd8 1-0

[Event "Late-Titled-Tuesday-Blitz-September-26-2023"]
[Site "Chess.com"]
[Date "2023.09.26"]
[Round "1"]
[White "IamSchrodingersCat"]
[Black "midedu"]
[Result "1-0"]
[WhiteElo "2515"]
[BlackElo "2005"]
[TimeControl "180+1"]
[EndTime "14:07:37 PDT"]
[Termination "IamSchrodingersCat won on time"]

1. e4 c5 2. Nf3 Nc6 3. d4 cxd4 4. Nxd4 Nf6 5. Nc3 Qb6 6. Nb3 e6 7. Bd3 a6 8. O-O d6 9. Kh1 Be7 10. f4 Qc7 11. a4 b6 12. Qe1 O-O 13. Qg3 Nb4 14.
e5 Nd7 15. f5 exf5 16. Nd4 Nxe5 17. Bxf5 Ng6 18. Be3 Bxf5 19. Rxf5 Bf6 20. Raf1 Be5 21.
Qg4 a5 22. h4 Kh8 23. h5 Bxd4 24. Bxd4 Ne5 25. Qg3 Rae8 26. h6 g6 27. Rf6 Kg8 28. Qf2 Qe7 29. Re1 Ng4 30. Rxe7 Nxf2+ 31. Rxf2 Rxe7 32. Nb5 Re4 33. c3 Nd3 34. Rf6 Nxb2 35. Nxd6 Rh4+ 36. Kg1 Rxh6 37. Ne4 Nc4 38. Rc6 Re8 39.
Nf6+ Kf8 40. Nxe8 Kxe8 41. Rxc4 Rh5 42. Rc6 b5 43. axb5 Rxb5 44. Ra6 1-0

[Event "Late-Titled-Tuesday-Blitz-September-26-2023"]
[Site "Chess.com"]
[Date "2023.09.26"]
[Round "1"]
[White "vladoboch"]
[Black "Lennis93"]
[Result "0-1"]
[WhiteElo "2408"]
[BlackElo "2730"]
[TimeControl "180+1"]
[EndTime "14:07:38 PDT"]
[Termination "Lennis93 won on time"]

1. e4 c5 2. Nf3 Nc6 3. Bb5 g6 4. O-O Bg7 5. Re1 Nf6 6. e5 Nd5 7. Nc3 Nc7 8. Bxc6 dxc6 9. h3 O-O 10. d3 Ne6 11. Be3 Nd4 12. Ne4 b6 13. Nxd4 cxd4 14.
Bf4 f5 15. Nd2 Be6 16. Nf3 h6 17. h4 Qd5 18. Qd2 Kh7 19. a4 c5 20. a5 b5 21. a6 b4 22. Ra5 Rfc8 23. Rea1 Rab8 24. b3 Rb6 25. Re1 Rcc6 26. h5 g5 27. Bxg5 hxg5 28. Qxg5 Qd8 29. Qg6+ Kh8 30. Ng5 Qg8 31. h6 Bf8 32.
Qh5 Bd5 33. f4 Rxh6 34. Qe8 Rbc6 35. e6 Rcxe6 36. Rxe6 Rxe6 37. Rxc5 Rd6 38. Rc8 Kg7 39.
Qb5 Be6 40. Qxb4 Bxc8 41. Qc5 Bd7 42. Qxa7 Qd5 43. Qb7 Qxb7 44. axb7 Rb6 45. Ne6+ Bxe6 0-1

[Event "Late-Titled-Tuesday-Blitz-September-26-2023"]
[Site "Chess.com"]
[Date "2023.09.26"]
[Round "1"]
[White "whitemirrorninja"]
[Black "sergiochess83"]
[Result "0-1"]
[WhiteElo "2464"]
[BlackElo "2891"]
[TimeControl "180+1"]
[EndTime "14:07:40 PDT"]
[Termination "sergiochess83 won by resignation"]

1. e4 e6 2. d4 d5 3. e5 c5 4. c3 Nc6 5. Nf3 Bd7 6. a3 c4 7. Nbd2 Nge7 8. g3 Nc8 9. h4 Nb6 10. h5 h6 11. Bh3 Na5 12. O-O Ba4 13. Qe2 Be7 14. Re1 Qd7 15. Nf1 Nb3 16. Rb1 Nxc1 17. Rbxc1 O-O-O 18. Ne3 Kb8 19. Ng2 Qe8 20. Nf4 Qg8 21.
Kg2 Qh7 22. Rh1 a6 23. Bg4 Ka7 24. Rh2 Rc8 25. Rhh1 Rhd8 26. Ra1 Bd7 27. Rab1 Na4 28. Rhe1 Rc6 29. Qd2 Rb6 30. Ng1 Bxa3 31. Bd1 Qxb1 32.
bxa3 Qb2 33. Qe3 Qxc3 34. Qe2 Qxd4 35. Qg4 Nc3 36. Nf3 Qc5 37. Bc2 d4 38. Qxg7 d3 39.
Bd1 Nxd1 40. Rxd1 Bc6 41. Qxf7 Qxe5 42. Nxe6 Qxe6 43. Qc7 Bxf3+ 44. Kxf3 Qc6+ 45. Qxc6 Rxc6 46. Ke3 c3 47. g4 c2 48. Rh1 d2 49. f4 d1=Q 0-1

[Event "Late-Titled-Tuesday-Blitz-September-26-2023"]
[Site "Chess.com"]
[Date "2023.09.26"]
[Round "1"]
[White "ZuraTqebuchava"]
[Black "Thjop"]
[Result "0-1"]
[WhiteElo "2248"]
[BlackElo "2585"]
[TimeControl "180+1"]
[EndTime "14:07:41 PDT"]
[Termination "Thjop won on time"]

1. e4 e6 2. d3 d5 3. Nd2 c5 4. Ngf3 Nc6 5. Be2 g6 6. O-O Bg7 7. exd5 exd5 8. Re1 Nge7 9. h3 O-O 10. Bf1 Re8 11. c3 b6 12. Nb3 Bb7 13. d4 c4 14.
Nbd2 b5 15. a3 a5 16. g3 Qb6 17. Bg2 b4 18. axb4 axb4 19. Rxa8 Rxa8 20. Nf1 bxc3 21. bxc3 Qb3 22. Bg5 Nf5 23. g4 Nd6 24. Ne3 Qxc3 25. Nxd5 Qb3 26. Qe2 h6 27. Be3 Re8 28. Qd2 Ne4 29.
Qc1 g5 30. Nd2 Nxd2 31. Qxd2 Rd8 32. Rd1 Rd7 33. Bxg5 hxg5 34. Qxg5 Rd6 35. Re1 Kf8 36.
Qh5 Rxd5 37. Qxd5 Qb4 38. Qd6+ Qxd6 39. Rd1 Nxd4 40. Re1 Bxg2 41. Kxg2 c3 42. Rc1 c2 0-1

[Event "Late-Titled-Tuesday-Blitz-September-26-2023"]
[Site "Chess.com"]
[Date "2023.09.26"]
[Round "1"]
[White "leotobares"]
[Black "bazar-wokzal"]
[Result "0-1"]
[WhiteElo "2370"]
[BlackElo "2669"]
[TimeControl "180+1"]
[EndTime "14:07:45 PDT"]
[Termination "bazar-wokzal won on time"]

1. e4 Nc6 2. d4 d5 3. exd5 Qxd5 4. Nf3 Bg4 5. Be2 O-O-O 6. c3 Nf6 7. O-O e5 8. dxe5 Qxd1 9. Rxd1 Rxd1+ 10. Bxd1 Bxf3 11. Bxf3 Nxe5 12. Nd2 Bc5 13. b4 Bb6 14. a4 Nd3 15. Ne4 Re8 16. Be3 Bxe3 17. Nxf6 Bxf2+ 18. Kf1 gxf6 19. Be2 Nxb4 20. Kxf2 Nd5 21. Rc1 f5 22. Bc4 Re5 23. g3 Kd7 24. Rd1 Kd6 25. Bb3 Kc5 26. Kf3 c6 27. Rd3 a5 28. Kf2 b5 29. axb5 cxb5 30. Ba2 a4 31. Rf3 f6 32. Rd3 Nb6 33. Rd8 Re4 34. Kf3 Nc4 35. Rc8+ Kb6 36. Rf8 Nd2+ 37. Kf2 Re5 38. Rxf6+ Ka5 39. Rf8 Ne4+ 40. Kf3 Nxc3 41. Ra8+ Kb4 42. Bf7 Re7 43. Bg8 a3 0-1

[Event "Late-Titled-Tuesday-Blitz-September-26-2023"]
[Site "Chess.com"]
[Date "2023.09.26"]
[Round "1"]
[White "Zavgorodniy_Sergiy"]
[Black "chosenpr"]
[Result "1-0"]
[WhiteElo "2608"]
[BlackElo "2302"]
[TimeControl "180+1"]
[EndTime "14:07:45 PDT"]
[Termination "Zavgorodniy_Sergiy won by resignation"]

1. d4 Nf6 2. c4 e6 3. Nf3 Bb4+ 4.
Nbd2 O-O 5. g3 d5 6. Qc2 Be7 7. Bg2 b6 8. O-O Bb7 9. b3 Nbd7 10. Bb2 c5 11. Rac1 Rc8 12. Qb1 Ne4 13. Rfd1 Ndf6 14.
cxd5 Bxd5 15. Nxe4 Bxe4 16. Qa1 cxd4 17. Nxd4 Bxg2 18. Kxg2 Qd5+ 19. Nf3 Rxc1 20. Qxc1 Qb7 21. Kg1 Rc8 22. Qd2 h6 23. h3 Rd8 24. Qc2 Rd5 25. Rxd5 Qxd5 26. Kf1 Qd7 27. Ne5 Qd5 28. Nf3 Qd7 29.
Qd2 Qxd2 30. Nxd2 Nd5 31. e3 Bf6 32. Bxf6 Nxf6 33. Ke2 Kf8 34. Kd3 Ke7 35. Ne4 Nxe4 36. Kxe4 Kd6 37. Kd4 e5+ 38. Kc4 Kc6 39. a4 a5 40. e4 g6 41. h4 g5 42. hxg5 hxg5 43. f3 f6 44. b4 axb4 45. Kxb4 g4 46. fxg4 Kc7 47. Kb5 Kb7 48. a5 bxa5 49. Kxa5 Kc6 50. Kb4 Kb6 51. Kc4 Kc6 52. g5 fxg5 53. g4 Kd6 54.
Kb5 Kd7 55. Kc5 Ke6 56. Kc6 Kf6 57. Kd6 Kf7 58. Kxe5 Ke7 59. Kf5 Kf7 60. Kxg5 Ke6 61. Kf4 Kf6 62. e5+ Kg6 63. g5 Kf7 64. Kf5 Kg7 65.
e6 1-0

[Event "Late-Titled-Tuesday-Blitz-September-26-2023"]
[Site "Chess.com"]
[Date "2023.09.26"]
[Round "1"]
[White "Zaro1309"]
[Black "Nf3c5"]
[Result "1-0"]
[WhiteElo "2311"]
[BlackElo "2588"]
[TimeControl "180+1"]
[EndTime "14:07:46 PDT"]
[Termination "Zaro1309 won on time"]

1. d4 Nf6 2. Nf3 e6 3. c4 Bb4+ 4. Bd2 Qe7 5. a3 Bxd2+ 6. Nbxd2 a5 7. g3 d6 8. Bg2 Nc6 9. O-O O-O 10. e4 e5 11. d5 Nb8 12. Qc2 a4 13. Nb1 Na6 14. Nc3 Nc5 15. Nd2 h5 16. h3 h4 17. g4 Nh7 18. b4 axb3 19. Nxb3 Na6 20. Ne2 Ng5 21.
f4 exf4 22. Rxf4 c5 23. dxc6 bxc6 24. Nbd4 Bd7 25. Nf5 Qe5 26. Rd1 g6 27. Nxd6 Nc5 28.
Qc3 Qxc3 29. Nxc3 Rxa3 30. Ne2 Be6 31. Nd4 Nxh3+ 32. Bxh3 Rxh3 33. Nxc6 Rg3+ 34. Kh2 Bxg4 35. Rdf1 Ne6 36. Ne7+ Kg7 37. Rxf7+ Rxf7 38. Rxf7+ Kh6 39. Ng8+ Kg5 40. e5 Rh3+ 41. Kg2 Nf4+ 42. Kf2 Rh2+ 43. Ke1 Nd3+ 44. Kf1 Bh3+ 45. Kg1 Rg2+ 46. Kf1 Rf2+ 47. Kg1 Rg2+ 48. Kf1 Rg3+ 49. Ke2 Nxe5 50.
Ne4+ 1-0

[Event "Late-Titled-Tuesday-Blitz-September-26-2023"]
[Site "Chess.com"]
[Date "2023.09.26"]
[Round "1"]
[White "Lion_DL"]
[Black "Hikaru"]
[Result "0-1"]
[WhiteElo "2504"]
[BlackElo "3200"]
[TimeControl "180+1"]
[EndTime "14:07:47 PDT"]
[Termination "Hikaru won by checkmate"]

1. d4 g6 2. c4 Bg7 3. Nf3 c5 4. d5 b5 5. cxb5 a6 6. e3 axb5 7. Qc2 c4 8. Bd2 d6 9. Bc3 Nf6 10. e4 Na6 11. a3 Nc5 12. Nbd2 O-O 13. Be2 e5 14. O-O Bh6 15. h3 Nfxe4 16. Nxe4 Bf5 17. Nfd2 Bxd2 18. Bxd2 Bxe4 19. Qc3 Nb3 20. Rad1 Nxd2 21. Rxd2 Qh4 22. Ra1 Bf5 23. b3 cxb3 24. Bxb5 Bc2 25. a4 Rfb8 26. Rc1 Rxa4 27. Bxa4 Qxa4 28. Rdxc2 bxc2 29. Qxc2 Qxc2 30. Rxc2 Rb1+ 31. Kh2 Rd1 32. Rc6 Rxd5 33. Kg3 Rd3+ 34. f3 Rd2 35. f4 exf4+ 36. Kxf4 Rxg2 37. Rxd6 Kg7 38. Ra6 h5 39. Kf3 Rg5 40. Kf4 Rb5 41. Kg3 Rb3+ 42. Kh4 Rb4+ 43. Kg3 h4+ 44. Kf3 f5 45. Ra3 Kh6 46. Rc3 Ra4 47.
Rb3 Kg5 48. Rc3 Ra6 49. Rb3 Kf6 50. Rc3 g5 51. Rb3 Rd6 52. Rc3 Ke5 53. Re3+ Kd4 54. Ra3 Rc6 55. Ra4+ Rc4 56. Ra5 Rc3+ 57. Kg2 Ke4 58.
Ra4+ Ke3 59. Ra5 Rc2+ 60. Kh1 Ke4 61. Ra4+ Kf3 62. Ra3+ Kf2 63. Kh2 g4 64. hxg4 fxg4 65. Ra4 Kf3+ 66. Kh1 Rc1+ 67. Kh2 g3+ 68. Kh3 Rh1# 0-1

[Event "Late-Titled-Tuesday-Blitz-September-26-2023"]
[Site "Chess.com"]
[Date "2023.09.26"]
[Round "1"]
[White "AEMEffi"]
[Black "ukchessbomber"]
[Result "0-1"]
[WhiteElo "2359"]
[BlackElo "2663"]
[TimeControl "180+1"]
[EndTime "14:07:47 PDT"]
[Termination "ukchessbomber won by resignation"]

1. d4 b5 2. e4 Bb7 3. Bd3 e6 4. Nf3 a6 5. O-O d6 6. a4 b4 7. c3 Nf6 8. Qe2 bxc3 9. bxc3 Nbd7 10. a5 Be7 11. c4 e5 12. d5 O-O 13. Nbd2 Nh5 14.
g3 g6 15. Ne1 Ng7 16. f3 f5 17.
Ng2 f4 18. g4 h5 19. h3 hxg4 20.
fxg4 c6 21. Nf3 cxd5 22. exd5 Kf7 23. Qe4 Rh8 24. Qxg6+ Kg8 25. Bf5 Nf8 26. Be6+ Nxe6 27. dxe6 Qe8 28. Qxe8+ Rxe8 29. c5 Rxh3 30. Ra3 Nxe6 31.
Nd2 Rxa3 32. Bxa3 Nxc5 33. Bxc5 dxc5 34. Nc4 Bf8 35. g5 Bg7 36. Nh4 Rd8 37. Nf5 Be4 38.
Nfd6 Bd3 39. Rc1 Bxc4 40. Nxc4 e4 41. Kf2 Bd4+ 42. Ke1 Kf7 43. Nb6 Ke6 44. Nc4 Rh8 45. Nd2 Rh1+ 46. Nf1 Kd5 47. Rd1 Rg1 48. Rd2 Rxg5 49.
Rc2 Ke5 50. Rh2 Rg1 51. Rh5+ Kd6 52. Rh6+ Kd5 53. Rxa6 f3 54. Ra8 e3 55. Rd8+ Kc4 56.
a6 e2 0-1

[Event "Late-Titled-Tuesday-Blitz-September-26-2023"]
[Site "Chess.com"]
[Date "2023.09.26"]
[Round "1"]
[White "Berardino"]
[Black "Vadim_Biliy"]
[Result "1-0"]
[WhiteElo "2637"]
[BlackElo "2328"]
[TimeControl "180+1"]
[EndTime "14:07:47 PDT"]
[Termination "Berardino won on time"]

1. e4 d6 2. d4 Nf6 3. Nc3 g6 4. f4 Bg7 5. Nf3 O-O 6. Bd3 Na6 7. O-O c5 8. d5 b5 9. Bxb5 Rb8 10. a4 Nb4 11.
Bc4 Bb7 12. Kh1 Nd7 13. a5 a6 14. Qe2 Re8 15. Nd1 e6 16. dxe6 fxe6 17. f5 d5 18. fxe6 Rxe6 19. Ng5 Re7 20. c3 dxc4 21. cxb4 Ne5 22. bxc5 Nd3 23. Ne3 h6 24. Nf3 Rxe4 25.
Qc2 Nxc1 26. Qxc1 Qd3 27. Ra3 Qd7 28. Nxc4 Qg4 29. Nd6 Re2 30. Qc4+ Qxc4 31. Nxc4 Bxf3 32. Raxf3 Rc8 33. b4 Re4 34. Nd6 Rce8 35. Nxe8 Rxe8 36.
c6 Rc8 37. Rc1 Be5 38. Rd3 Kf7 39. g3 Ke6 40. Kg2 Bd6 41. c7 Bxc7 42. Rdc3 Kd7 43.
Rc6 g5 44. b5 axb5 45. a6 g4 46. a7 1-0

[Event "Late-Titled-Tuesday-Blitz-September-26-2023"]
[Site "Chess.com"]
[Date "2023.09.26"]
[Round "1"]
[White "Sokoloco"]
[Black "JoseRemolar"]
[Result "1-0"]
[WhiteElo "2696"]
[BlackElo "2390"]
[TimeControl "180+1"]
[EndTime "14:07:52 PDT"]
[Termination "Sokoloco won on time"]

1. b3 e5 2. Bb2 Nc6 3. e3 Nf6 4. Nf3 Bd6 5. d4 exd4 6. exd4 O-O 7. Be2 Re8 8. O-O b6 9. c4 Bb7 10. Nc3 Bb4 11. d5 Ne5 12. Nxe5 Rxe5 13. Bf3 Re8 14. Qd3 Bf8 15. Rfe1 d6 16. Nb5 a6 17. Nd4 Qd7 18. Nf5 Rxe1+ 19. Rxe1 Re8 20. Rxe8 Qxe8 21. Bxf6 Qe1+ 22. Qf1 Qxf1+ 23. Kxf1 gxf6 24. Nd4 Bc8 25. Be4 Bh6 26. Bf5 Bxf5 27. Nxf5 Bc1 28. a4 Kf8 29.
Ke2 Ke8 30. Kf3 Kd7 31. Nd4 h5 32. Ke4 Bb2 33. Nc6 a5 34. Kf5 Ke8 35. f3 Kf8 36. Nb8 Ke7 37. h4 Bc3 38. g4 hxg4 39. fxg4 Ke8 40. h5 Ke7 41. h6 Kf8 42. Nd7+ Kg8 43.
Nxf6+ Kh8 44. Ne8 Kh7 45. g5 Be5 46. Nxc7 Kg8 47. Ne8 Kh8 48. Nf6 Bd4 49. Nd7 Kg8 50. Ke4 Bf2 51. Nf6+ Kh8 52. Ne8 Bg3 53. Nf6 Be5 54.
Nd7 1-0

[Event "Late-Titled-Tuesday-Blitz-September-26-2023"]
[Site "Chess.com"]
[Date "2023.09.26"]
[Round "1"]
[White "Fleetw00dMac"]
[Black "GMBenjaminBok"]
[Result "1/2-1/2"]
[WhiteElo "2494"]
[BlackElo "2959"]
[TimeControl "180+1"]
[EndTime "14:07:53 PDT"]
[Termination "Game drawn by repetition"]

1. d4 Nf6 2. c4 e6 3. Nc3 Bb4 4. Qc2 d5 5. cxd5 exd5 6. Bg5 h6 7. Bh4 Nc6 8. e3 g5 9. Bg3 h5 10. Bb5 h4 11. Be5 O-O 12. Bxc6 bxc6 13. h3 Rb8 14.
Ne2 Bd6 15. f4 Nh5 16. O-O Qe7 17. Rf3 g4 18. hxg4 Bxg4 19. Rf2 Ng3 20. e4 dxe4 21.
Nxe4 Bf5 22. N2xg3 hxg3 23. Rf3 Qh4 24. Nf6+ Qxf6 25. Bxf6 Bxc2 26. Rxg3+ Kh7 27. Kf2 Bd1 28. Rxd1 Rxb2+ 29. Kf3 Bxf4 30. Kxf4 Rf2+ 31. Rf3 Rxg2 32. Rh1+ Kg6 33. Be5 f6 34. Bxc7 Re8 35. Rg3+ Rxg3 36.
Kxg3 Re2 37. Rh2 Re3+ 38. Kf4 Rd3 39. Rg2+ Kf7 40. Ke4 Rd1 41. Bd6 Ke6 42. Bc5 f5+ 43. Ke3 Kd5 44. Rg7 a6 45. Rd7+ Kc4 46. Rd6 Rd3+ 47. Kf4 Rd2 48. a3 Rd3 49. Kxf5 Kb5 50. Ke6 a5 51. Kd7 Rh3 52. Re6 Rh7+ 53. Re7 Rh5 54. Re8 Rh7+ 55. Be7 Kc4 56. Kxc6 Kxd4 57. Rd8+ Kc4 58. Bd6 a4 59. Rb8 Rh6 60. Rb4+ Kc3 61.
Rxa4 Kb3 62. Ra8 Rg6 63. a4 Kc4 64. a5 Rg1 65. a6 Ra1 66. a7 Ra6+ 67. Kd7 Kd5 68.
Bc7 Rh6 69. Kc8 Kc6 70. Bd8 Rh7 71. Kb8 Rb7+ 72. Kc8 Rh7 73. Bf6 Rf7 74. Bd8 Rh7 1/2-1/2

[Event "Late-Titled-Tuesday-Blitz-September-26-2023"]
[Site "Chess.com"]
[Date "2023.09.26"]
[Round "1"]
[White "DrCeltic"]
[Black "mitrabhaa"]
[Result "0-1"]
[WhiteElo "2439"]
[BlackElo "2831"]
[TimeControl "180+1"]
[EndTime "14:07:53 PDT"]
[Termination "mitrabhaa won by resignation"]

1. e4 c6 2. d4 d5 3. exd5 cxd5 4. c4 Nf6 5. Nc3 Nc6 6. Bg5 Be6 7. Be2 Qa5 8. c5 Ne4 9. Bd2 Nxd2 10. Qxd2 g6 11.
Nf3 Bg7 12. a3 O-O 13. O-O Qc7 14. h3 Rad8 15. b4 a6 16. Rad1 Bf5 17. Bd3 Nxd4 18.
Nxd4 Bxd4 19. Bxf5 Bxc3 20. Qxc3 gxf5 21. Rd3 f4 22. Re1 f6 23. Re6 Kf7 24. Qe1 Qd7 25. Rb6 e5 26. Qe2 Kg8 27. Rd6 Qf7 28. R3xd5 Qxd5 29. Rxd5 Rxd5 30. Qg4+ Kf7 31. Qh5+ Ke6 32. Qxh7 Rd7 33.
Qg6 Rfd8 34. h4 Rh8 35. a4 Rxh4 36. g3 fxg3 37. fxg3 Rxb4 38. Qe8+ Re7 39. Qc8+ Kf7 40. c6 bxc6 41. Qxc6 Rb2 42. Qc4+ Re6 43. Qc7+ Kg6 44. Qc3 Reb6 45. Qd3+ f5 46. Qd8 e4 47. Qg8+ Kf6 48. Qh8+ Ke6 49. Qg8+ Ke5 50. Qg7+ Kd5 51. Qf7+ Kd4 52. Qd7+ Ke3 53. Qxf5 R6b3 54. Qf4+ Kd3 55. Qd6+ Kc2 56. Qc6+ Kb1 57. Qxe4+ Ka1 58. Qd4 Rxg3+ 59.
Kh1 Rb3 60. a5 Ka2 61. Qa4+ Kb1 62. Qe4+ Rc2 63. Kg1 Rb5 64. Kf1 Kb2 65. Qd4+ Ka2 66. Qd1 Rb1 0-1

[Event "Late-Titled-Tuesday-Blitz-September-26-2023"]
[Site "Chess.com"]
[Date "2023.09.26"]
[Round "1"]
[White "falzehope0"]
[Black "SlipperySpeedster"]
[Result "1-0"]
[WhiteElo "2351"]
[BlackElo "2626"]
[TimeControl "180+1"]
[EndTime "14:07:53 PDT"]
[Termination "falzehope0 won by resignation"]

1. d4 d5 2. e3 Nf6 3. Bd3 c5 4. c3 Nc6 5. f4 g6 6. Nf3 Bg7 7.
O-O O-O 8. Nbd2 a6 9. Qe1 b5 10. b3 b4 11. Bb2 Qa5 12. c4 cxd4 13. exd4 dxc4 14. Nxc4 Qh5 15. Nfe5 Bb7 16. f5 Rad8 17.
Be2 Qg5 18. Bf3 Nd5 19. Bc1 Qf6 20. fxg6 Qe6 21. gxf7+ Rxf7 22. Nxf7 Bxd4+ 23. Be3 Nxe3 24. Nxe3 Qxe3+ 25. Qxe3 Bxe3+ 26. Kh1 Rf8 27. Bd5 Kg7 28. Rae1 Bc5 29. Ng5 Rxf1+ 30. Rxf1 Nd8 31. Bxb7 Nxb7 32.
Ne6+ Kg6 33. Nxc5 Nxc5 34. Rc1 Ne4 35. Rc6+ Kf5 36. Rxa6 Nc3 37. a4 e5 38. Kg1 Ke4 39. Rb6 Nd5 40. Rb5 Kd4 41. Rxd5+ Kxd5 42. Kf2 Kd4 43.
Ke2 Kc3 44. a5 Kxb3 45. a6 Kc2 46. a7 b3 47. a8=Q b2 48. Qc6+ Kb3 49. Qb5+ Kc2 50. Qxe5 b1=Q 51. Qe4+ Kc1 52. Qxb1+ Kxb1 53. Ke3 Kc2 54.
g4 Kc3 55. g5 Kc4 56. Ke4 Kc5 57. Ke5 Kc6 58. Ke6 Kc7 59. h4 Kd8 60. Kf7 Kd7 61.
h5 Kc6 62. g6 1-0

[Event "Late-Titled-Tuesday-Blitz-September-26-2023"]
[Site "Chess.com"]
[Date "2023.09.26"]
[Round "1"]
[White "DonJuanEGenaro"]
[Black "Defend1r"]
[Result "0-1"]
[WhiteElo "1868"]
[BlackElo "2506"]
[TimeControl "180+1"]
[EndTime "14:07:54 PDT"]
[Termination "Defend1r won on time"]

1. Nf3 Nf6 2. d4 e6 3. g3 d5 4. Bg2 b5 5. O-O Bb7 6. a4 a6 7. c3 Nbd7 8. Bf4 c5 9. Ne5 Be7 10. Nd2 O-O 11. Qb3 Qb6 12. Bg5 Rfd8 13. Nxd7 Rxd7 14.
axb5 axb5 15. Rxa8+ Bxa8 16. Ra1 Bc6 17. e3 h6 18.
Bxf6 Bxf6 19. Nf3 c4 20. Qb4 Be7 21. Qa5 Qxa5 22. Rxa5 Rc7 23. Nd2 b4 24. e4 bxc3 25. bxc3 Rd7 26. Ra6 Bb7 27. Ra7 Kf8 28. exd5 exd5 29.
Bxd5 Rxd5 30. Rxb7 Bf6 31. Nxc4 Rd8 32. Nb6 Rd6 33. Nd7+ Ke7 34. Ne5+ Ke6 35. Nxf7 Rc6 36. Ne5 Rxc3 37. Kg2 Kd5 38. f4 Kxd4 39. Nf3+ Kd5 40. Nh4 Rc2+ 41. Kh3 Ke4 42. Rb4+ Ke3 43. Rb5 Kf2 44. Nf5 Kg1 45. Nxh6 Rxh2+ 46. Kg4 Rxh6 47. Kf3 Kh2 0-1

[Event "Late-Titled-Tuesday-Blitz-September-26-2023"]
[Site "Chess.com"]
[Date "2023.09.26"]
[Round "1"]
[White "bylavochka"]
[Black "Kazmin_Semyon"]
[Result "1-0"]
[WhiteElo "2193"]
[BlackElo "2507"]
[TimeControl "180+1"]
[EndTime "14:07:56 PDT"]
[Termination "bylavochka won by resignation"]

1. e4 d5 2. exd5 Qxd5 3. Nc3 Qd8 4. d4 Nf6 5. h3 Bf5 6. Nf3 e6 7. Bd3 Bxd3 8. Qxd3 Nbd7 9. O-O c5 10. d5 e5 11. Re1 Bd6 12. Nb5 Qb6 13. Bf4 O-O 14. Nxd6 Qxd6 15. Nxe5 Nxe5 16. Rxe5 Qb6 17. b3 Rad8 18. c4 Qa6 19. Re2 b5 20. cxb5 Qb7 21.
d6 Nd5 22. Bg3 Rd7 23. Rd1 Nb4 24. Qc4 Rc8 25. Rde1 Rdd8 26. Re7 Qd5 27. Rxa7 Rf8 28. Ree7 Qd1+ 29. Kh2 Nd5 30. Re5 Nb6 31. Qc3 Qxd6 32.
Rg5 Qd4 33. Qf3 Rce8 34. a4 h6 35. Rg4 Qb2 36. a5 Nd5 37. Qxd5 Re1 38. Bd6 Qf6 39. Bxf8 Qxf2 40. Rxg7+ Kh8 41. Raxf7 Qg1+ 42. Kg3 Re3+ 43. Kh4 Qe1+ 44. g3 Re4+ 45. Rg4 Rxg4+ 46. Kxg4 Qe2+ 47.
Kh4 Qe8 48. Bg7+ Kh7 49. Qf5+ Kg8 50. Rf8+ Kxg7 51. Rxe8 1-0

[Event "Late-Titled-Tuesday-Blitz-September-26-2023"]
[Site "Chess.com"]
[Date "2023.09.26"]
[Round "1"]
[White "AlexPapasimakopoulos"]
[Black "Nick12772"]
[Result "1-0"]
[WhiteElo "2732"]
[BlackElo "2410"]
[TimeControl "180+1"]
[EndTime "14:07:58 PDT"]
[Termination "AlexPapasimakopoulos won on time"]

1. d4 Nf6 2. c4 g6 3. Nc3 d5 4. e3 Bg7 5. Nf3 O-O 6. Qb3 c6 7. cxd5 cxd5 8. Bd3 Nc6 9. h3 Na5 10.
Qd1 Bd7 11. O-O Rc8 12. Bd2 Nc4 13. Bxc4 Rxc4 14. Ne5 Rc8 15. Qb3 Bc6 16. Rac1 Nd7 17. Nxc6 bxc6 18. Na4 Qc7 19. Bb4 Nb6 20. Ba5 Rb8 21.
Qc2 Rfc8 22. Nc5 Qd6 23. b3 e5 24. dxe5 Bxe5 25. Nd3 Bg7 26. Bb4 Qd8 27. Rfd1 Nd7 28.
Bc3 Bxc3 29. Qxc3 Qf6 30. Qxf6 Nxf6 31. Ne5 Rb6 32. Rc2 c5 33. Rdc1 Re6 34. Nd3 c4 35. bxc4 dxc4 36. Rxc4 Rxc4 37. Rxc4 Ra6 38. Rc2 Kg7 39. Kf1 h5 40. Ne5 Ne4 41. f3 Nd6 42.
e4 Rb6 43. Ke2 Rb7 44. h4 Nb5 45. Ke3 Re7 46. Nd3 Rd7 47. Rb2 Nd6 48. Rc2 Nb5 49. Nc5 Re7 50. a4 Nc7 51. Nd3 Ne6 52. Nf4 Nxf4 53.
Kxf4 Rb7 54. Rc4 Rb2 55. g3 a5 56. Rc5 1-0

[Event "Late-Titled-Tuesday-Blitz-September-26-2023"]
[Site "Chess.com"]
[Date "2023.09.26"]
[Round "1"]
[White "NowInChess"]
[Black "Saif_Malek04"]
[Result "0-1"]
[WhiteElo "2252"]
[BlackElo "2594"]
[TimeControl "180+1"]
[EndTime "14:07:58 PDT"]
[Termination "Saif_Malek04 won on time"]

1. e4 c6 2. d4 d6 3. Nf3 Nd7 4. a4 Qc7 5. Nc3 e5 6. Be3 Ngf6 7. h3 g6 8. Be2 Bg7 9. O-O O-O 10.
Qd2 Re8 11. dxe5 dxe5 12. Rad1 Bf8 13. Bc4 Nc5 14. Bxc5 Bxc5 15. Ng5 Be6 16. Nxe6 fxe6 17. Qg5 Nh5 18. g3 Kg7 19. Rd2 h6 20. Qg4 Qf7 21.
Rfd1 Re7 22. Kg2 Rf8 23. Qe2 Qf6 24. h4 a6 25. f3 b5 26. axb5 axb5 27. Bb3 Bd4 28.
Rd3 Ref7 29. R1d2 Nf4+ 30. gxf4 Qxh4 31. Qf1 Rxf4 32. Ne2 Qg5+ 33. Ng3 h5 34. Qh1 h4 35. Qh3 hxg3 36. Qxg3 Qh6 37. Bxe6 Rxf3 38. Rxf3 Qxd2+ 39. Kh3 Rh8+ 40. Kg4 Rh5 41. Rf7+ Kh8 42. Rf8+ Kg7 43. Rf7+ Kh6 44. Rf8 Rg5+ 45. Kh3 Rxg3+ 46. Kxg3 Qe3+ 47. Kg2 Qxe4+ 48. Kg3 Qe3+ 49. Kg2 Qg1+ 50. Kf3 Qf1+ 51. Ke4 Qxf8 0-1

[Event "Late-Titled-Tuesday-Blitz-September-26-2023"]
[Site "Chess.com"]
[Date "2023.09.26"]
[Round "1"]
[White "SpeedofLight0"]
[Black "Ykow"]
[Result "1-0"]
[WhiteElo "3050"]
[BlackElo "2499"]
[TimeControl "180+1"]
[EndTime "14:08:03 PDT"]
[Termination "SpeedofLight0 won by resignation"]

1. Nf3 d5 2. e3 c5 3. d4 Nf6 4. Nbd2 Bf5 5. dxc5 e6 6. Nb3 Nc6 7. Nfd4 Bg6 8. Bb5 Rc8 9. O-O e5 10. Nf3 Bh5 11. Be2 Rg8 12. Bd2 Ne4 13. Re1 g5 14.
Bc3 Nxc3 15. bxc3 Bg6 16. Bb5 f6 17. c4 dxc4 18. Bxc4 Rg7 19. Qe2 Qc7 20. Red1 Rd8 21. Bd5 Bh5 22. Qc4 g4 23. Nh4 g3 24. hxg3 Bxd1 25.
Rxd1 Be7 26. Nf5 Rg5 27. Qe4 Kf8 28. Qh4 h5 29. e4 Nb4 30. c4 Bxc5 31. g4 Nxd5 32.
cxd5 Bb6 33. gxh5 Qc2 34. Rf1 Rxd5 35. exd5 Rxf5 36. h6 Kg8 37. Qg4+ Rg5 38. Qe6+ Kh7 39. Qxf6 Qg6 40. Qxg6+ Kxg6 41. Nd2 e4 42. Nxe4 Rxd5 43.
h7 Rd8 44. Re1 Kxh7 45. Ng5+ Kg6 46. Ne6 Rd2 47. Rf1 Rxa2 48. g3 a5 49. Kg2 Rb2 50.
Nf4+ Kf7 51. Kf3 a4 52. Nd3 Rb3 53. Ke4 a3 54. Ra1 Ba7 55. f4 b5 56. g4 Rc3 57.
g5 Rc4+ 58. Kf3 b4 59. Ne5+ Ke6 60. Nxc4 Kd5 61. Nxa3 1-0